 Dungeon Crawl Stone Soup version 0.31-a0-982-g1816016 (webtiles) character file.

Game seed: 10453138094893753513

45 PurpleRed the Sneak (level 3, 0/22 HPs)
             Began as a Deep Elf Delver on Nov 2, 2023.
             Slain by Natasha (5 damage)
             ... on level 3 of the Dungeon.
             The game lasted 00:06:13 (1008 turns).

PurpleRed the Sneak (Deep Elf Delver)               Turns: 1008, Time: 00:06:13

Health: 0/22       AC:  4    Str:  9    XL:     3   Next: 42%
Magic:  7/7        EV: 12    Int: 14    God:
Gold:   44         SH:  0    Dex: 18    Spells: 2/4 levels left

rFire   . . .        a - +0 short sword
rCold   . . .        (no shield)
rNeg    . . .        b - +0 leather armour
rPois   .            (no helmet)
rElec   .            (no cloak)
rCorr   .            h - +0 pair of gloves
SInv    .            (no boots)
Will    .....        (no amulet)
Stlth   +++          (no ring)
HPRegen 0.23/turn    (no ring)
MPRegen 0.10/turn

%: no passive effects
@: no status effects
A: no striking features
a: no special abilities


You were on level 3 of the Dungeon.
You visited 1 branch of the dungeon, and saw 5 of its levels.

You collected 44 gold pieces.

Inventory:

Hand Weapons
 a - a +0 short sword (weapon)
Missiles
 k - 2 poisoned darts
Armour
 b - a +0 leather armour (worn)
 h - a +0 pair of gloves (worn)
Jewellery
 i - a ring of ice
Wands
 g - a wand of digging (3)
 j - a wand of paralysis (6)
Scrolls
 c - 2 scrolls of fog
 d - a scroll of poison {unknown}
 f - a scroll of teleportation {unknown}
 l - a scroll of identify {unknown}
Potions
 e - a potion of berserk rage {unknown}
 m - a potion of curing {unknown}


   Skills:
 - Level 2.7 Fighting
 * Level 3.2 Short Blades
 - Level 2.4 Dodging
 - Level 6.0 Stealth
 + Level 1.4 Spellcasting
 + Level 0.2 Hexes
 + Level 0.2 Ice Magic


You had 2 spell levels left.
You knew the following spells:

 Your Spells              Type           Power      Damage    Failure   Level
a - Ensorcelled Hibernat  Hex/Ice        2%         N/A       45%         2

Your spell library contained the following spells:

 Spells                   Type           Power      Damage    Failure   Level
 Passwall                 Tmut/Erth      0%         N/A       47%         2
 Swiftness                Air            0%         N/A       71%         3


Dungeon Overview and Level Annotations

Branches:
Dungeon (6/15)
 Temple: D:4-7

Altars:

Annotations:
D:3 Natasha
D:5 Edmund


Message History

Natasha barely misses you.
You closely miss Natasha.
Natasha is moderately wounded.
Natasha mumbles some strange words.
You feel disoriented. Natasha completely misses you.
You closely miss Natasha.
Natasha is moderately wounded.
Natasha claws you but does no damage.
You barely miss Natasha.
Natasha is moderately wounded.
Natasha claws you.
You barely miss Natasha.
Natasha is moderately wounded.
Natasha completely misses you.
You closely miss Natasha.
Natasha is moderately wounded.
You hit Natasha but do no damage.
Natasha is moderately wounded.
Natasha barely misses you.
You hit Natasha but do no damage.
Natasha is moderately wounded.
Natasha claws you!
* * * LOW HITPOINT WARNING * * *
Natasha attacks as she pursues you! Natasha barely misses you.
There is a stone staircase leading down here.
You hit Natasha.
Natasha is heavily wounded.
Natasha claws you but does no damage. Natasha claws you but does no damage.
You climb downwards.
There is a stone staircase leading up here.
You barely miss Natasha.
Natasha is heavily wounded.
Natasha closely misses you.
You hit Natasha.
Natasha is severely wounded.
Natasha claws you.
You die...
Natasha curls up and begins to purr.

##.########.# #.#..#
#.# #.#..# #.# #.#..#
#.#.# #.#..# #.#.#.#
#.#..# #.#.#.# #.#..#
#.#.#.# #.#h.# #.#.#.#
#.#.@###.#.#.#
#.#......#.#.#
#.#........#.#
##.##########.#
#.............#
#########...##########
#....'.........
#....########## #....#
#.


You could see Natasha.

Vanquished Creatures
  An adder (D:3)
  A shadow imp (D:5)
  3 ball pythons
  An endoplasm (D:4)
  A giant cockroach (D:4)
  3 goblins
  2 hobgoblins (D:4)
  A kobold (D:4)
  A quokka (D:3)
  18 rats (D:3)
32 creatures vanquished.

Notes
Turn   | Place    | Note
-------+----------+-------------------------------------------
     0 | D:5      | PurpleRed the Deep Elf Delver began the quest for the Orb.
     0 | D:5      | Reached XP level 1. HP: 13/13 MP: 3/3
    44 | D:6      | Noticed an orc wizard
    44 | D:6      | Noticed an orc wizard
    78 | D:5      | Noticed Edmund
   139 | D:4      | Reached XP level 2. HP: 18/18 MP: 4/4
   377 | D:3      | Reached skill level 1 in Spellcasting
   511 | D:3      | Reached XP level 3. HP: 22/22 MP: 6/6
   520 | D:3      | Learned a level 2 spell: Ensorcelled Hibernation
   891 | D:2      | Noticed Natasha
  1008 | D:3      | Slain by Natasha

Illustrated notes

Levels and vault maps discovered:
D:2:      layout_rooms, hellmonk_ecumenical_altar_heavens_door,
          nicolae_houndstooth_variations, uniq_natasha
D:3:      layout_basic, nicolae_uskayaw_suspiria, tso_altar,
          chequers_serial_rivers_room_a, minmay_rat_hole
D:4:      layout_cave_pods, makhleb_heckhound_becter, lemuel_round_altar,
          minmay_temple_entry_gardened_gates, minmay_box_of_dots
D:5:      layout_basic, uniq_crazy_yiuf_cottage, uniq_sigmund, uniq_edmund
D:6:      layout_basic, mainiacjoe_overflow_small_starburst,
          nicolae_wu_jian_wuxing_cycle

Skill      XL: |  1  2 |
---------------+-------+-----
Spellcasting   | 1 |  1.4
Short Blades   | 3 |  3.2
Fighting       | |  2.7
Dodging        | |  2.4
Stealth        | |  6.0
Hexes          | |  0.2
Ice Magic      | |  0.2

Action                     || total
---------------------------++-------
  Melee: Short sword       ||   132
         Punch             ||     1
    Use: Scroll            ||     2
         Potion            ||     1
   Stab: Sleeping          ||     1
 Armour: Leather armour    ||    70
  Dodge: Dodged            ||    79

Table legend: (Time is in decaauts)
 A = Elapsed time spent in this place.
 B = Non-inter-level travel time spent in this place.
 C = Inter-level travel time spent in this place.
 D = Time resting spent in this place.
 E = Time spent auto-exploring this place.
 F = Levels seen in this place.
 G = Mean time per level.
                   A        B        C        D        E       F      G
               +--------+--------+--------+--------+--------+-----+--------+
         Total |    975 |    975 |      0 |    166 |    110 |   5 |  195.0 |
       Dungeon |    975 |    975 |      0 |    166 |    110 |   5 |  195.0 |
               +--------+--------+--------+--------+--------+-----+--------+

Top non-repeatable levels by time:
     D:3: 547 daAuts
     D:4: 220 daAuts
     D:5: 107 daAuts
     D:2: 94 daAuts
     D:6: 5 daAuts
